AoeStats
← CastleDuck

Oasis

509177488Analyzed
2v2 RM · 8d ago on Sep 25, 2026· 34m 5s· 4 players
Game mode
Random Map
Map size
Medium (4 player)
Population
200
Speed
Normal
Resources
Standard
Victory
Conquest
Starting age
Dark Age
Ending age
Imperial Age
RankedLock teamsTeams togetherTeam positionsShared explorationLock speedFull tech treeHidden civsTurbo modeCheats
Victory
Defeat
🇨🇿 Persians · Czechia
733
+12
🇨🇿 Cumans · Czechia
708
+13
🇨🇴 Vietnamese · Colombia
688
-14
🇨🇴 Lithuanians · Colombia
614
-11
CastleDuck
0:26 Loom
12:47 Feudal Age
13:23 Double-Bit Axe
13:20 Horse Collar
16:59 Forging
17:49 Man-at-Arms
19:14 Scale Mail Armor
20:24 Gold Mining
26:57 Castle Age
25:10 Stone Mining
26:41 Fletching
27:00 Scale Barding Armor
26:56 Padded Archer Armor
27:49 Pikeman
28:33 Squires
29:36 Arson
29:39 Long Swordsman
30:46 Bow Saw
32:56 Heavy Plow
34:05 Wheelbarrow
NobunagaOda
10:05 Feudal Age
10:52 Double-Bit Axe
15:24 Loom
23:00 Horse Collar
27:10 Castle Age
27:27 Pikeman
28:08 Squires
27:30 Elite Skirmisher
27:33 Capped Ram
oldmanuelo
9:33 Feudal Age
10:16 Double-Bit Axe
11:11 Horse Collar
14:30 Wheelbarrow
24:41 Castle Age
22:53 Gold Mining
22:54 Stone Mining
23:58 Forging
23:54 Scale Barding Armor
25:40 Bloodlines
30:29 Caravan
31:51 Stone Shaft Mining
31:31 Bow Saw
31:09 Pikeman
31:50 Squires
33:22 Arson
34:15 Loom
Alexcol91
9:24 Loom
11:49 Feudal Age
12:25 Double-Bit Axe
12:23 Horse Collar
16:43 Gold Mining
19:11 Wheelbarrow
20:53 Fletching
21:04 Padded Archer Armor
25:03 Castle Age
23:11 Town Watch
23:25 Stone Mining
26:42 Crossbowman
26:47 Pikeman
27:58 Bodkin Arrow
28:19 Leather Archer Armor
Connection lost

Rejoining the realm…

Still unreachable

The connection could not be restored.

Session expired

The server has moved on; the page needs a fresh start.